 Dungeon Crawl Stone Soup version 0.22-a0-78-g0f8607c (webtiles) character file.

51 KristoblXynda the Sneak (level 3, -13/39 HPs)
             Began as a Draconian Enchanter on Jan 16, 2018.
             Killed by divine providence
             ... invoked by an orc priest
              (14 damage)
             ... on level 3 of the Dungeon.
             The game lasted 00:03:08 (2069 turns).

KristoblXynda the Sneak (Draconian Enchanter)       Turns: 2069, Time: 00:03:09

Health: -13/39     AC:  5    Str: 14 (15) XL:     3   Next: 58%
Magic:  0/6        EV: 12    Int: 13 (16) God:
Gold:   92         SH:  0    Dex: 10 (11) Spells: 1/6 levels left

rFire    . . .     SeeInvis .   a - +1 dagger
rCold    . . .     Gourm    .   (no shield)
rNeg     . . .     Faith    .   (armour unavailable)
rPois    .         Spirit   .   (helmet restricted)
rElec    .         Reflect  .   h - scarf {repulsion}
rCorr    .         Harm     .   (no gloves)
MR       .....                  (no boots)
Stlth    ..........             (no amulet)
HPRegen  0.13/turn              j - +3 ring of slaying
MPRegen  0.10/turn              (no ring)

@: berserking, repel missiles, very quick
A: unfitting armour, cold-blooded, AC +5
a: no special abilities


You were on level 3 of the Dungeon.
You were hungry.

You visited 1 branch of the dungeon, and saw 3 of its levels.

You collected 92 gold pieces.

Inventory:

Hand Weapons
 a - a +1 dagger (weapon)
Armour
 h - a scarf of repulsion (worn)
Jewellery
 j - a +3 ring of slaying (left hand)
Scrolls
 i - 4 scrolls of amnesia
 k - a scroll of teleportation {unknown}
Potions
 e - a potion of flight
 f - a potion of lignification
 l - a potion of agility
Books
 b - a book of Maledictions

   Spells                             Type                      Level
   a - Corona                         Hexes                        1
   b - Ensorcelled Hibernation        Hexes/Ice                    2
   c - Confuse                        Hexes                        3
   d - Tukima's Dance                 Hexes                        3
   e - Dazzling Spray                 Conjuration/Hexes            3
Comestibles
 c - 5 rations


   Skills:
 + Level 2.3 Short Blades
 - Level 1.7 Dodging
 * Level 3.4 Stealth
 - Level 2.0 Spellcasting
 + Level 3.1 Hexes


You had one spell level left.
You knew the following spells:

 Your Spells              Type           Power        Failure   Level  Hunger
b - Ensorcelled Hibernat  Hex/Ice        #.....       21%         2    ###....
c - Confuse               Hex            #.......     22%         3    ####...


Dungeon Overview and Level Annotations

Branches:
Dungeon (3/15)

Altars:


Innate Abilities, Weirdness & Mutations

Your plain brown scales are hard. (AC +5)
You cannot fit into any form of body armour.
You are cold-blooded and may be slowed by cold attacks.


Message History

Pain shoots through your body!
Ouch! That really hurt!
* * * LOW HITPOINT WARNING * * *
It was a potion of degeneration.
There was something very wrong with that liquid.
You feel weakened.
You feel dopey.
You feel clumsy. The orc priest closely misses you.
The orc priest hits you but does no damage.
It was a potion of berserk rage.
A red film seems to cover your vision as you go berserk!
You feel yourself moving faster!
You feel mighty! The orc priest hits you with a dagger.
* * * LOW HITPOINT WARNING * * *
The orc priest closely misses you.
You are too berserk!
You puncture the orc priest!
The orc priest is heavily wounded.
The orc priest mumbles some strange prayers to Beogh against you.
Beogh smites you!
You die...

##### #...# #...# #...#
######...# #........# #
#........#
#.##o###........######
.......#@.......#....####
.......oo................
#################....####
####....#### ............
####....#### #....#
#....# ######


You could see 2 orc priests.

Vanquished Creatures
  An adder (D:2)
  A worm (D:3)
  A dart slug (D:1)
  A leopard gecko (D:3)
  3 orcs (D:3)
  3 giant cockroaches
  5 goblins
  6 hobgoblins
  A quokka (D:2)
  4 bats
  2 kobolds (D:1)
  2 rats
30 creatures vanquished.

Notes
Turn   | Place    | Note
-------+----------+-------------------------------------------
     0 | D:1      | KristoblXynda the Draconian Enchanter began the quest for the Orb.
     0 | D:1      | Reached XP level 1. HP: 14/14 MP: 3/3
   330 | D:1      | Reached XP level 2. HP: 14/20 MP: 5/5
   334 | D:1      | Learned a level 2 spell: Ensorcelled Hibernation
  1090 | D:2      | Reached XP level 3. HP: 15/26 MP: 1/6
  1220 | D:2      | Learned a level 3 spell: Confuse
  1368 | D:2      | Found a faded altar of an unknown god.
  2068 | D:3      | HP: 1/39 [orc priest/dagger (6)]
  2069 | D:3      | Killed from afar by an orc priest

Vault maps used:
D:1:      sevenhm_arrival_forest_fort_small_3, minmay_door_square
D:2:      lemuel_upstairs_altar, chequers_ecumenical_altar_grove
D:3:      first_ration

Skill      XL: |  1  2 |
---------------+-------+-----
Stealth        | 3 |  3.4
Short Blades   | 2 |  2.3
Hexes          | 3 |  3.1
Dodging        | |  1.7
Spellcasting   | |  2.0

Action                   || total
-------------------------++-------
Melee: Dagger            ||   103
       Tailslap          ||    11
 Cast: Ensorcelled Hiber ||     7
  Use: Scroll            ||     4
       Potion            ||     3
 Stab: Sleeping          ||     5
  Eat: Ration            ||     1
Armor: Skin              ||    41
Dodge: Dodged            ||    49

Table legend:
 A = Spawn XP
 B = Non-spawn XP
 C = Spawn XP percentage of total XP
 D = Spawn monster count
 E = Non-spawn monster count
 F = Spawn count percentage of total count
 G = Total turns spent on level
                    A         B        C        D         E        F      G
               +---------+---------+-------+---------+---------+-------+---------
         Total |       0 |      74 |   0.0 |       0 |      30 |   0.0 |  2069
               +---------+---------+-------+---------+---------+-------+---------
           D:1 |       0 |      23 |   0.0 |       0 |      13 |   0.0 |   909
           D:2 |       0 |      27 |   0.0 |       0 |       8 |   0.0 |   786
           D:3 |       0 |      24 |   0.0 |       0 |       9 |   0.0 |   374
               +---------+---------+-------+---------+---------+-------+---------
